 Dungeon Crawl Stone Soup version 0.28-a0-973-ga7f8b01127 (webtiles) character file.

Game seed: 4551022087640559215

55 bande the Covered (level 3, 0/34 HPs)
             Began as a Gargoyle Fighter on Dec 2, 2021.
             Slain by a gnoll (1 damage)
             ... on level 2 of the Dungeon.
             The game lasted 00:02:21 (1691 turns).

bande the Covered (Gargoyle Fighter)                Turns: 1691, Time: 00:02:21

Health: 0/34       AC: 21    Str: 21    XL:     3   Next: 93%
Magic:  3/3        EV:  2    Int: 10    God:
Gold:   59         SH: 11    Dex:  9    Spells: 2/2 levels left

rFire   . . .      SeeInvis .   a - +0 war axe
rCold   . . .      Faith    .   i - +0 tower shield
rNeg    + . .      Spirit   .   (armour currently unavailable)
rPois   ∞          Reflect  .   (helmet currently unavailable)
rElec   .          Harm     .   (cloak currently unavailable)
rCorr   .          Rampage  .   (gloves currently unavailable)
Will    .....      NoTele   +   (boots currently unavailable)
Stlth   +.........              (no amulet)
HPRegen 0.11/turn               (no ring)
MPRegen 0.08/turn               (no ring)

@: tree-form
A: stationary, stasis, torment immunity, boosted hp, sickness immunity, AC +3,
negative energy resistance 1, (electricity resistance), torment resistance 1,
petrification resistance, (large bone plates 1), clever 1
a: no special abilities


You were on level 2 of the Dungeon.
You were a tree.
You visited 1 branch of the dungeon, and saw 2 of its levels.

You collected 59 gold pieces.

Inventory:

Hand Weapons
 a - a +0 war axe (weapon)
Armour
 b - a +0 scale mail (melded)
 i - a +0 tower shield (worn)
Scrolls
 f - a scroll of teleportation
Potions
 c - 2 potions of brilliance
 d - 2 potions of might


   Skills:
 + Level 3.6 Fighting
 + Level 2.4 Axes
 + Level 4.0 Armour
 + Level 3.8 Shields


You had 2 spell levels left.
You didn't know any spells.
Your spell library contained the following spells:

 Spells                   Type           Power      Damage    Failure   Level
 Scorch                   Fire           0%         2d5       100%        2
 Flame Wave               Conj/Fire      0%         2d4       100%        4
 Summon Cactus Giant      Summ           0%         N/A       100%        6


Dungeon Overview and Level Annotations

Branches:
Dungeon (2/15)

Altars:

Shops:
D:2 !


Innate Abilities, Weirdness & Mutations

You are a tree.
Your roots penetrate the ground, keeping you stationary.
You cannot be teleported.
You are immune to unholy pain and torment.
Your maximum health is greatly increased.
Your equipment is partially melded.
You are immune to sickness and miasma.
((Your stone body is resilient. (AC +3)))
You are immune to poison.
You resist negative energy. (rN+)
((You are resistant to electric shocks. (rElec)))
You are resistant to unholy torment.
You are immune to petrification.
((You are partially covered in large bone plates. (SH +4)))
Your mind is acute. (Int +2)


Message History

You kill the hobgoblin!
The gnoll hits you with a +0 club. You block the gnoll's attack. x2
Unknown command.
Your shield prevents you from hitting the gnoll.
You block the gnoll's attack. The gnoll hits you with a +0 club.
The gnoll hits you from afar with a +0 spear.
The gnoll hits you but does no damage.
You hit the gnoll.
The gnoll is heavily wounded.
The gnoll hits you but does no damage. x2; You block the gnoll's attack.
Unknown command.
You barely miss the gnoll.
The gnoll is heavily wounded.
The gnoll hits you but does no damage. x2; The gnoll hits you with a +0 club.
* * * LOW HITPOINT WARNING * * *
The gnoll barely misses you.
You completely miss the gnoll.
The gnoll is heavily wounded.
You block the gnoll's attack. x2; The gnoll hits you with a +0 club.
* * * LOW HITPOINT WARNING * * *
The gnoll hits you but does no damage.
You closely miss the gnoll.
The gnoll is heavily wounded.
The gnoll barely misses you. You block the gnoll's attack.
The gnoll barely misses you.
Unknown command.
It was a potion of lignification.
You turn into a tree.
Your +0 scale mail melds into your body.
Your roots penetrate the ground.
You block the gnoll's attack. The gnoll hits you but does no damage.
It was a potion of mutation.
You feel extremely strange.
You feel clever.
Large bone plates grow over parts of your arms.
You block the gnoll's attack. x2
You closely miss the gnoll.
The gnoll is moderately wounded.
The gnoll hits you from afar with a +0 spear.
* * * LOW HITPOINT WARNING * * *
The gnoll hits you with a +0 club.
You die...

..#.# #........... #.#.
#....g...... #.. ...##.....#+#
#.# #......#...# #.# ##.###.##..#
..# #.##..# #.#####.#
#.###g###.## ........#
#...)g††...##.# .....####
#####♣####.##.##### .....# #.#
#.##.##... .....# #####+#.#
#.##.##.. '###.# #.......#
#.##.##.. .# #.#####.......#
#.##.##.#####
.###.............####.##.##..#...
...#.............#.......##...#..
...#.............#.........†.....
...#.......[.....#.......###.....


You could see 2 gnolls.

Vanquished Creatures
  A gnoll (D:2)
  2 dart slugs
  5 ball pythons
  A bat (D:1)
  4 endoplasms (D:1)
  3 giant cockroaches
  3 goblins (D:1)
  4 hobgoblins
  4 jackals (D:2)
  A kobold (D:1)
  2 quokkas (D:2)
  5 rats
35 creatures vanquished.

Notes
Turn   | Place    | Note
-------+----------+-------------------------------------------
     0 | D:1      | bande the Gargoyle Fighter began the quest for the Orb.
     0 | D:1      | Reached XP level 1. HP: 14/14 MP: 1/1
   150 | D:1      | Reached XP level 2. HP: 17/19 MP: 2/2
   540 | D:1      | Found a faded altar of an unknown god.
   582 | D:1      | Reached XP level 3. HP: 17/23 MP: 3/3
  1446 | D:2      | Found Reyphucs's Distillery.
  1683 | D:2      | Reached skill level 4 in Armour
  1690 | D:2      | Gained mutation: Your mind is acute. (Int +2) [potion of
                  | mutation]
  1690 | D:2      | Gained mutation: You are partially covered in large bone
                  | plates. (SH +4) [potion of mutation]
  1691 | D:2      | HP: 1/34 [gnoll (3)]
  1691 | D:2      | Slain by a gnoll

Illustrated notes

Levels and vault maps discovered:
D:1:      mushboom_english_gardens, layout_loops_corners,
          dreamdust_ecumenical_altar_statues
D:2:      layout_basic, serial_shops, nicolae_shop_advertising_works
          [nicolae_subvault_shop_adworks]

Skill      XL: |  1  2  3 |
---------------+----------+-----
Axes           | 2 |  2.4
Armour         | 4 |  4.0
Fighting       | |  3.6
Shields        | |  3.8

Action                   || total
-------------------------++-------
Melee: War axe           ||   102
  Use: Scroll            ||     2
       Potion            ||     2
Armor: Scale mail        ||    71
       Skin              ||     1
Dodge: Dodged            ||    26
Block: Buckler           ||     7
       Tower shield      ||    64

Table legend: (Time is in decaauts)
 A = Elapsed time spent in this place.
 B = Non-inter-level travel time spent in this place.
 C = Inter-level travel time spent in this place.
 D = Time resting spent in this place.
 E = Time spent auto-exploring this place.
 F = Levels seen in this place.
 G = Mean time per level.
                   A        B        C        D        E       F      G
               +--------+--------+--------+--------+--------+-----+--------+
         Total |   1759 |   1759 |      0 |    422 |   1030 |   2 |  879.5 |
       Dungeon |   1759 |   1759 |      0 |    422 |   1030 |   2 |  879.5 |
               +--------+--------+--------+--------+--------+-----+--------+

Top non-repeatable levels by time:
     D:1: 1156 daAuts
     D:2: 602 daAuts
